 Dungeon Crawl Stone Soup version 0.23-a0-391-g8c51ad5 (webtiles) character file.

389 Azzok the Firebug (level 6, -2/32 HPs)
             Began as a Deep Elf Fire Elementalist on Oct 30, 2018.
             Slain by an orc
             ... wielding a +0 club
              (5 damage)
             ... on level 4 of the Dungeon.
             The game lasted 00:07:29 (4784 turns).

Azzok the Firebug (Deep Elf Fire Elementalist)      Turns: 4784, Time: 00:07:30

Health: -2/32      AC:  3    Str:  5    XL:     6   Next: 49%
Magic:  8/12       EV: 13    Int: 22    God:
Gold:   170        SH:  0    Dex: 15    Spells: 10/11 levels left

rFire    . . .     SeeInvis .   (no weapon)
rCold    . . .     Gourm    .   (no shield)
rNeg     . . .     Faith    .   a - +0 robe
rPois    .         Spirit   .   (no helmet)
rElec    .         Reflect  .   (no cloak)
rCorr    .         Harm     .   (no gloves)
MR       .....                  j - +0 pair of boots
Stlth    ++........             (no amulet)
HPRegen  0.10/turn              (no ring)
MPRegen  0.13/turn              (no ring)

@: no status effects
A: no striking features
a: no special abilities


You were on level 4 of the Dungeon.
You were not hungry.

You visited 1 branch of the dungeon, and saw 4 of its levels.

You collected 170 gold pieces.

Inventory:

Armour
 a - a +0 robe (worn)
 j - a +0 pair of boots (worn)
Jewellery
 n - a +3 amulet of reflection {unknown}
Wands
 l - a wand of enslavement (4)
Scrolls
 b - 3 scrolls of teleportation {unknown}
 d - a scroll of fog {unknown}
 f - 8 scrolls of identify {unknown}
 p - 2 scrolls of fear {unknown}
 q - 2 scrolls of immolation {unknown}
 s - 2 scrolls of magic mapping {unknown}
Potions
 e - a potion of agility {unknown}
 g - a potion of invisibility {unknown}
 h - a potion of magic {unknown}
 i - 5 potions of brilliance {unknown}
 k - a potion of heal wounds {unknown}
 m - a potion of lignification {unknown}
 r - 2 potions of berserk rage {unknown}
Comestibles
 c - 9 rations
 o - 3 chunks of flesh


   Skills:
 - Level 2.4 Dodging
 - Level 2.4 Stealth
 - Level 3.0 Spellcasting
 + Level 5.2 Conjurations
 + Level 6.1 Fire Magic


You had 10 spell levels left.
You knew the following spells:

 Your Spells              Type           Power        Failure   Level  Hunger
a - Flame Tongue          Conj/Fire      ####.        1%          1    None

Your spell library contained the following spells:

 Spells                   Type           Power        Failure   Level  Hunger
 Throw Flame              Conj/Fire      ####..       1%          2    ##.....
 Conjure Flame            Conj/Fire      ####....     3%          3    ###....
 Inner Flame              Hex/Fire       ###.....     11%         3    ###....
 Sticky Flame             Conj/Fire      ####....     12%         4    ####...
 Fireball                 Conj/Fire      ####......   32%         5    ######.


Dungeon Overview and Level Annotations

Branches:
Dungeon (4/15)
 Temple: D:4-7

Altars:
Okawaru


Message History

Casting: Flame Tongue (safe; 1% risk of failure)
Confirm with . or Enter, or press ? or * to list all spells.
Aiming: Flame Tongue (safe; 1% risk of failure)
Press: ? - help, Shift-Dir - straight line, f/p - orc priest
Aim: an orc priest (heavily wounded)
The flame tongue hits the orc priest.
The orc priest is almost dead.
The orc priest hits you.
* * * LOW HITPOINT WARNING * * *
Casting: Flame Tongue (safe; 1% risk of failure)
Confirm with . or Enter, or press ? or * to list all spells.
Aiming: Flame Tongue (safe; 1% risk of failure)
Press: ? - help, Shift-Dir - straight line, f/p - orc priest
Aim: an orc priest (almost dead)
The flame tongue hits the orc priest.
You kill the orc priest!
An orc comes into view. It is wielding a +0 club. x2
A scorpion comes into view.
The orc hits you with a +0 club.
You die...

··▒ ▒······▒▒·········▒ ··▒
·▒·········▒·▒·▒·▒·▒ ··▒
···················▒ ▒·▒
·s·········▒··▒▒·▒▒▒ ▒╬▒
···▒▒·▒o▒╬▒··▒▒▒·▒▒▒▒ ··▒
▒····▒·····▒·······▒ ··▒
▒····▒▒·▒·▒▒▒·▒▒▒▒ ··▒
▒[▒··o·▒▒··········▒ ·[▒
▒·▒···@▒▒▒▒▒····▒▒·▒ ··▒▒
▒▒▒············÷··<▒ ▒
···▒▒▒▒▒▒·▒··▒·▒·▒·▒·······▒
····▒···▒·▒···········▒▒▒▒·▒
····▒···▒·▒··▒·▒·▒·▒··▒ ···
····▒·····▒▒··········▒ ▒▒▒▒
▒▒▒·▒··▒▒····▒·▒·▒·▒··▒
▒·▒·>▒▒·▒···········▒
▒·······▒··▒·▒·▒·▒·▒▒


You could see a scorpion (wandering) and 2 orcs.

Vanquished Creatures
  A hound (D:3)
  3 orc priests
  2 orc wizards (D:3)
  Natasha (D:4)
  6 adders
  3 oozes
  5 worms
  5 leopard geckos
  7 orcs
  2 ball pythons (D:3)
  7 giant cockroaches
  10 goblins
  6 hobgoblins
  9 jackals
  3 quokkas
  7 bats
  5 frilled lizards
  9 kobolds
  13 rats
104 creatures vanquished.

Notes
Turn   | Place    | Note
-------+----------+-------------------------------------------
     0 | D:1      | Azzok the Deep Elf Fire Elementalist began the quest for
                  | the Orb.
     0 | D:1      | Reached XP level 1. HP: 10/10 MP: 6/6
   219 | D:1      | Reached XP level 2. HP: 12/15 MP: 0/8
   623 | D:1      | Reached skill level 4 in Fire Magic
   630 | D:1      | Reached XP level 3. HP: 19/19 MP: 5/9
  1831 | D:2      | Reached XP level 4. HP: 18/24 MP: 0/10
  2969 | D:3      | Reached skill level 5 in Fire Magic
  2969 | D:3      | Reached XP level 5. HP: 28/28 MP: 6/11
  3959 | D:3      | Found an iron altar of Okawaru.
  4161 | D:3      | Reached XP level 6. HP: 26/32 MP: 7/12
  4640 | D:4      | Noticed Natasha
  4644 | D:4      | Killed Natasha
  4644 | D:4      | Reached skill level 5 in Conjurations
  4644 | D:4      | Reached skill level 6 in Fire Magic
  4784 | D:4      | Slain by an orc

Vault maps used:
D:1:      onia_arrival_larder, minmay_misc_feat_encased, minivault_4
D:2:      first_ration
D:3:      okawaru_ov_weapons_minmay
D:4:      nicolae_temple_entry_ecumenical, serial_shops, shop, serial_glass,
          glass_columns_a, glass_columns_c, glass_columns_b, glass_columns_c,
          glass_columns_c, glass_columns_a, glass_columns_a, glass_columns_b,
          uniq_duvessa, uniq_natasha

Skill      XL: |  1  2  3  4  5  6 |
---------------+-------------------+-----
Conjurations   | 2 3 4 5 |  5.2
Fire Magic     | 4 5 6 |  6.1
Dodging        | |  2.4
Stealth        | |  2.4
Spellcasting   | |  3.0

Action                   |  1- 3 |  4- 6 || total
-------------------------+-------+-------++-------
Melee: Unarmed           |       |     2 ||     2
 Cast: Flame Tongue      |    84 |   125 ||   209
  Eat: Chunk             |     2 |     9 ||    11
Armor: Robe              |     3 |     5 ||     8
Dodge: Dodged            |    29 |    30 ||    59

Table legend:
 A = Non-vault XP
 B = Vault XP
 C = Vault XP percentage of total XP
 D = Non-vault monster count
 E = Vault monster count
 F = Vault count percentage of total count
                 A         B        C        D         E       F
            +---------+---------+-------+---------+---------+-------
      Total |     511 |      45 |   8.1 |      95 |       9 |   8.7
            +---------+---------+-------+---------+---------+-------
        D:1 |      51 |       9 |  15.0 |      24 |       8 |  25.0
        D:2 |      89 |       0 |   0.0 |      31 |       0 |   0.0
        D:3 |     265 |       0 |   0.0 |      30 |       0 |   0.0
        D:4 |     106 |      36 |  25.4 |      10 |       1 |   9.1
            +---------+---------+-------+---------+---------+-------
